 Dungeon Crawl Stone Soup version 0.24-a0-464-g6b2be6b8c7 (webtiles) character file.

Game seed: 4603914030396324139

647 CandyEater the Digger (level 7, -4/36 HPs)
             Began as a Gargoyle Earth Elementalist on July 4, 2019.
             Slain by a slime creature (13 damage)
             ... on level 5 of the Dungeon.
             The game lasted 00:09:19 (3735 turns).

CandyEater the Digger (Gargoyle Earth Elementalist) Turns: 3735, Time: 00:09:20

Health: -4/36      AC: 13    Str: 12    XL:     7   Next: 52%
Magic:  7/14       EV: 12    Int: 17    God:
Gold:   31         SH:  3    Dex: 10    Spells: 6/15 levels left

rFire    . . .     SeeInvis .   t - +1 mace (crush)
rCold    . . .     Gourm    .   (no shield)
rNeg     + + .     Faith    .   c - +0 robe
rPois    ∞         Spirit   .   (no helmet)
rElec    +         Reflect  +   i - +1 cloak
rCorr    .         Harm     .   (no gloves)
MR       .....                  (no boots)
Stlth    ++........             a - +3 amulet of reflection
HPRegen  0.12/turn              l - +5 ring of protection
MPRegen  0.14/turn              r - ring of positive energy

@: no status effects
A: negative energy resistance 1, electricity resistance, unbreathing,
petrification resistance, rot immunity, AC +4
a: no special abilities


You were on level 5 of the Dungeon.
You were not hungry.

You visited 1 branch of the dungeon, and saw 5 of its levels.

You collected 270 gold pieces.
You spent 239 gold pieces at shops.

Inventory:

Hand Weapons
 g - a +0 mace
 k - a +1 flail of holy wrath
 t - a +1 mace of crushing (weapon)
Missiles
 b - 179 stones (quivered)
 m - 8 datura-tipped darts
Armour
 c - a +0 robe (worn)
 i - a +1 cloak (worn)
Jewellery
 a - a +3 amulet of reflection (around neck)
 l - a +5 ring of protection (left hand)
 r - a ring of positive energy (right hand)
 u - an uncursed ring of protection from magic
Scrolls
 p - 6 scrolls of remove curse
 w - 2 scrolls of teleportation
 x - a scroll of enchant weapon
 A - a scroll of fear
 B - a scroll of blinking
 C - a scroll of magic mapping
Potions
 e - a potion of flight
 f - a potion of resistance
 h - 3 potions of curing
 n - a potion of might
 o - 2 potions of heal wounds
 q - a potion of haste {unknown}
 s - 3 potions of lignification
 v - a potion of ambrosia
 z - 2 potions of agility
Comestibles
 d - 5 rations


   Skills:
 - Level 1.5 Dodging
 - Level 2.1 Stealth
 + Level 4.7 Spellcasting
 + Level 4.4 Conjurations
   Level 0.7 Transmutations
 + Level 6.7 Earth Magic


You had 6 spell levels left.
You knew the following spells:

 Your Spells              Type           Power        Failure   Level  Hunger
a - Sandblast             Erth           ####..       1%          1    None
b - Stone Arrow           Conj/Erth      ###...       4%          3    ###....
c - Lee's Rapid Deconstr  Erth           ####......   26%         5    ######.

Your spell library contained the following spells:

 Spells                   Type           Power        Failure   Level  Hunger
 Passwall                 Tmut/Erth      ###.....     4%          2    #......
 Beastly Appendage        Tmut           #.....       11%         1    None
 Sticks to Snakes         Tmut           #.......     17%         2    #......
 Petrify                  Tmut/Erth      ###.....     30%         4    ####...
 Spider Form              Tmut/Pois      #.........   36%         3    ###....
 Ice Form                 Ice/Tmut       #.......     77%         4    ####...
 Blade Hands              Tmut           #.........   97%         5    ######.


Dungeon Overview and Level Annotations

Branches:
Dungeon (5/15)
 Temple: D:4-7

Altars:
Ashenzari
Okawaru
Xom

Shops:
D:5 ?


Innate Abilities, Weirdness & Mutations

You are resistant to torment.
Your stone body is resilient. (AC +4)
You are immune to poison.
You resist negative energy. (rN+)
You are resistant to electric shocks. (rElec)
You can survive without breathing.
You are immune to petrification.
You are immune to rotting.


Message History

Confirm with . or Enter, or press ? or * to list all spells.
Aiming: Sandblast (safe; 1% risk of failure)
Press: ? - help, Shift-Dir - straight line, f/p - howler monkey
Aim: a howler monkey (severely wounded)
The blast of sand hits the slime creature!
The slime creature is severely wounded.
b - 180 stones The howler monkey hoots and howls with incredible vigour!
The slime creature hits you.
* * * LOW HITPOINT WARNING * * *
Casting: Sandblast (safe; 1% risk of failure)
Confirm with . or Enter, or press ? or * to list all spells.
Aiming: Sandblast (safe; 1% risk of failure)
Press: ? - help, Shift-Dir - straight line, f/p - howler monkey
Aim: a howler monkey (severely wounded, catching its breath)
The blast of sand hits the slime creature!
The slime creature is almost dead.
b - 179 stones The slime creature hits you!
You die...

### ..# ### #.#
#... #.# #...
##.#######.# #..##.
:....hJ@.#
###....##.#######.#
........###....##.#
.##....#.#.#.#..#.#
.##......#...##...#
[##....#...########
.##....#...+
....>.##...#
.###..##.[.#


You could see a slime creature and a howler monkey.

Vanquished Creatures
  An ogre (D:4)
  A howler monkey (D:4)
  2 gnoll shamans (D:4)
  A hound (D:5)
  2 orc wizards (D:4)
  A bullfrog skeleton (D:4)
  Terence (D:2)
  4 worker ants
  9 adders
  8 gnolls (D:4)
  An ooze (D:3)
  An adder skeleton (D:3)
  3 dart slugs
  4 leopard geckos
  6 orcs
  A giant cockroach (D:3)
  6 goblins
  5 hobgoblins
  4 jackals
  A quokka (D:2)
  3 ball pythons
  5 bats
  A frilled lizard (D:3)
  2 kobolds
  5 rats
78 creatures vanquished.

Notes
Turn   | Place    | Note
-------+----------+-------------------------------------------
     0 | D:1      | CandyEater the Gargoyle Earth Elementalist began the quest
                  | for the Orb.
     0 | D:1      | Reached XP level 1. HP: 10/10 MP: 3/3
   323 | D:1      | Reached skill level 4 in Earth Magic
   323 | D:1      | Reached XP level 2. HP: 15/15 MP: 3/5
  1003 | D:2      | Reached XP level 3. HP: 19/19 MP: 1/7
  1008 | D:2      | Learned a level 3 spell: Stone Arrow
  1379 | D:2      | Noticed Terence
  1393 | D:2      | Killed Terence
  1393 | D:2      | Reached skill level 1 in Conjurations
  1393 | D:2      | Reached XP level 4. HP: 23/24 MP: 1/8
  1807 | D:3      | Reached skill level 5 in Earth Magic
  2085 | D:3      | Reached XP level 5. HP: 28/28 MP: 6/9
  2396 | D:3      | Learned a level 5 spell: Lee's Rapid Deconstruction
  2682 | D:4      | Reached XP level 6. HP: 22/32 MP: 8/11
  2962 | D:4      | Reached skill level 6 in Earth Magic
  3220 | D:4      | Reached XP level 7. HP: 26/36 MP: 13/13
  3403 | D:4      | Found a shimmering altar of Xom.
  3530 | D:5      | Entered Level 5 of the Dungeon
  3627 | D:5      | Found a shattered altar of Ashenzari.
  3641 | D:5      | Found Cusiocs's Magic Scroll Shoppe.
  3650 | D:5      | Bought 2 scrolls of identify for 52 gold pieces
  3650 | D:5      | Bought a scroll of fear for 45 gold pieces
  3650 | D:5      | Bought a scroll of blinking for 97 gold pieces
  3650 | D:5      | Bought a scroll of magic mapping for 45 gold pieces
  3664 | D:5      | Found an iron altar of Okawaru.
  3724 | D:5      | Noticed a slime creature
  3735 | D:5      | Slain by a slime creature

Levels and vault maps discovered:
D:1:      nzn_arrival_water_spiral, layout_basic
D:2:      layout_rooms, uniq_terence
D:3:      layout_basic, first_ration, lemuel_old_faithful
D:4:      layout_rooms, lemuel_doored_altar
D:5:      kennysheep_six_static_rooms, layout_basic,
          kennysheep_okawaru_gauntlet, evilmike_ruin_ashenzari, serial_shops,
          nicolae_shop_stone, minmay_manual_monstrance

Skill      XL: |  1  2  3  4  5  6  7 |
---------------+----------------------+-----
Earth Magic    | 4 5 6 |  6.7
Spellcasting   | 3 4 |  4.7
Conjurations   | 1 2 3 4 |  4.4
Dodging        | |  1.5
Stealth        | |  2.1
Transmutations | |  0.7

Action                   |  1- 3 |  4- 6 |  7- 9 || total
-------------------------+-------+-------+-------++-------
Melee: Unarmed           |    12 |       |       ||    12
       Short sword       |    60 |    87 |       ||   147
       Mace              |       |   103 |    20 ||   123
 Cast: Sandblast         |    15 |    33 |    19 ||    67
       Stone Arrow       |     1 |     1 |       ||     2
       Lee's Rapid Decon |       |     1 |       ||     1
  Use: Scroll            |     8 |     1 |     4 ||    13
       Potion            |     1 |     1 |       ||     2
 Stab: Sleeping          |     3 |     5 |     1 ||     9
  Eat: Chunk             |     2 |     7 |     1 ||    10
Armor: Robe              |    27 |    93 |    17 ||   137
Dodge: Dodged            |    51 |   150 |    27 ||   228
Block: Other             |     5 |    29 |     4 ||    38

Table legend:
 A = Non-vault XP
 B = Vault XP
 C = Vault XP percentage of total XP
 D = Non-vault monster count
 E = Vault monster count
 F = Vault count percentage of total count
                 A         B        C        D         E       F
            +---------+---------+-------+---------+---------+-------
      Total |     885 |      40 |   4.3 |      75 |       3 |   3.8
            +---------+---------+-------+---------+---------+-------
        D:1 |      22 |       0 |   0.0 |      12 |       0 |   0.0
        D:2 |      83 |      36 |  30.3 |      18 |       1 |   5.3
        D:3 |     112 |       0 |   0.0 |      17 |       0 |   0.0
        D:4 |     628 |       0 |   0.0 |      27 |       0 |   0.0
        D:5 |      40 |       4 |   9.1 |       1 |       2 |  66.7
            +---------+---------+-------+---------+---------+-------
